 Dungeon Crawl Stone Soup version 0.21.1-1-g345015fe64 (webtiles) character file.

134 Fascinator the Skirmisher (level 4, -6/39 HPs)
             Began as a Mummy Chaos Knight on June 23, 2018.
             Mangled by a chaos spawn (10 damage)
             ... summoned by Xom
             ... while paralysed by a chaos spawn
             ... on level 3 of the Dungeon.
             The game lasted 00:06:28 (2191 turns).

Fascinator the Skirmisher (Mummy Chaos Knight)      Turns: 2191, Time: 00:06:29

Health: -6/39      AC:  9    Str: 16    XL:     4   Next: 95%
Magic:  4/4        EV:  2    Int: 11    God:    Xom [......]
Gold:   137        SH:  0    Dex: 11    Spells: 3/3 levels left

rFire    x . .     SeeInvis .   a - +0 hand axe (chaos)
rCold    + . .     Gourm    .   (no shield)
rNeg     + + +     Faith    +   e - +0 chain mail
rPois    ∞         Spirit   .   h - +0 helmet
rElec    .         Reflect  .   (no cloak)
rCorr    +         Harm     .   (no gloves)
MR       .....                  (no boots)
Stlth    ..........             g - amulet of faith
HPRegen  0.13/turn              j - ring of resist corrosion
MPRegen  0.09/turn              (no ring)

@: paralysed
A: no food or potions, fire vulnerability, cold resistance 1, negative energy
resistance 3, torment resistance, unbreathing
a: Renounce Religion


You were on level 3 of the Dungeon.
You worshipped Xom.
You were a very special plaything of Xom.
You were not hungry.

You visited 1 branch of the dungeon, and saw 3 of its levels.

You collected 137 gold pieces.

Inventory:

Hand Weapons
 a - a +0 hand axe of chaos (weapon)
Missiles
 c - 22 stones (quivered)
Armour
 b - a +2 leather armour
 e - a +0 chain mail (worn)
 h - a +0 helmet (worn)
Jewellery
 g - an amulet of faith (around neck)
 j - a ring of resist corrosion (left hand)
Scrolls
 d - 3 scrolls of teleportation {unknown}
 f - 2 scrolls of amnesia {unknown}
 i - 2 scrolls of magic mapping {unknown}
 k - a scroll of remove curse {unknown}


   Skills:
 + Level 5.4 Fighting
 - Level 2.7 Axes
 - Level 1.6 Armour
 - Level 0.8 Dodging


You had 3 spell levels left.
You didn't know any spells.

Dungeon Overview and Level Annotations

Branches:
Dungeon (3/15)

Altars:


Innate Abilities, Weirdness & Mutations

You do not eat or drink.
Your flesh is vulnerable to fire.
You are immune to poison.
Your flesh is cold resistant. (rC+)
You are immune to negative energy. (rN+++)
You are immune to unholy pain and torment.
You can survive without breathing.


Message History

You are engulfed in flames!
The fire burns you terribly!
Xom roars with laughter!
The white imp hits you but does no damage.
You are too injured to fight recklessly!
You are too injured to fight recklessly!
You are too injured to fight recklessly!
You hit the white imp but do no damage.
You hit the chaos spawn but do no damage.
The chaos spawn barely misses you.
The white imp hits you but does no damage.
You hit the white imp but do no damage.
You hit the chaos spawn but do no damage.
The chaos spawn is poisoned.
The chaos spawn hits you.
You suddenly lose the ability to move!
The white imp barely misses you.
The white imp hits you but does no damage.
The chaos spawn gores you!
* * * LOW HITPOINT WARNING * * *
A shower of butterflies erupts from you!
You are engulfed in flames!
The fire burns you terribly!
You die...

##
###
..
..#
.#
#b#
.#
#4#
.#
#@#
.#
#5#
.#
#b#
##
#.# #
#.# #
#.#
#.#
#.#
##.##


You could see a chaos spawn and a white imp.

Vanquished Creatures
  A bullfrog skeleton (D:2)
  3 adders (D:2)
  2 oozes
  4 worms
  3 dart slugs
  4 leopard geckos
  A ball python (D:1)
  2 giant cockroaches
  3 goblins
  7 hobgoblins
  A quokka (D:2)
  9 bats
  3 frilled lizards (D:2)
  7 kobolds
  5 rats
55 creatures vanquished.

Notes
Turn   | Place    | Note
-------+----------+-------------------------------------------
     0 | D:1      | Fascinator the Mummy Chaos Knight began the quest for the Orb.
     0 | D:1      | Reached XP level 1. HP: 18/18 MP: 1/1
    50 | D:1      | Reached XP level 2. HP: 13/24 MP: 2/2
   192 | D:1      | XOM: harmless Chrm miscast
   333 | D:1      | XOM: silly message
   543 | D:1      | Reached XP level 3. HP: 21/30 MP: 3/3
   672 | D:1      | XOM: harmless Ice miscast
   852 | D:2      | Reached skill level 4 in Fighting
   933 | D:2      | XOM: potion effect (curing)
  1141 | D:2      | XOM: harmless Tloc miscast
  1243 | D:2      | Reached XP level 4. HP: 36/38 MP: 4/4
  1473 | D:2      | XOM: silly message
  1476 | D:2      | Reached skill level 5 in Fighting
  1663 | D:2      | XOM: harmless Ice miscast
  2187 | D:3      | XOM: summons 2 hostile demons
  2188 | D:3      | Noticed a chaos spawn
  2190 | D:3      | Paralysed by a chaos spawn for 3 turns
  2191 | D:3      | XOM: butterfly on damage
  2191 | D:3      | Mangled by a chaos spawn

Skill      XL: |  1  2  3  4 |
---------------+-------------+-----
Fighting       | 4 5 |  5.4
Axes           | |  2.7
Armour         | |  1.6
Dodging        | |  0.8

Action                   |  1- 3 |  4- 6 || total
-------------------------+-------+-------++-------
Melee: Hand axe          |   138 |    56 ||   194
Armor: Leather armour    |    21 |       ||    21
       Chain mail        |    69 |    29 ||    98
Dodge: Dodged            |    59 |    16 ||    75
